 Dungeon Crawl Stone Soup version 0.31.0-11-ge490571c62 (webtiles) character file.

Game seed: 4563966903698615354

58 Crownlay the Trooper (level 4, -7/37 HPs)
             Began as a Djinni Monk on Feb 1, 2024.
             Killed by nerve-wracking pain
             ... invoked by an orc priest
              (11 damage)
             ... on level 3 of the Dungeon.
             The game lasted 00:02:43 (1911 turns).

Crownlay the Trooper (Djinni Monk)                  Turns: 1911, Time: 00:02:44

Health: -7/37      AC:  2    Str: 10    XL:     4   Next: 21%
Gold:   92         EV: 13    Int: 13    God:
                   SH:  0    Dex: 16

rFire   + + .        a - +0 short sword
rCold   x . .        d - orb {light}
rNeg    . . .        b - +0 robe
rPois   ∞            (no helmet)
rElec   .            (no cloak)
rCorr   .            (no gloves)
SInv    .            (boots unavailable)
Will    .....        (no amulet)
Stlth   +            (no ring)
HPRegen 0.26/turn    (no ring)
MPRegen 0.00/turn

%: infuse magic (-8 HP)
@: flying, glowing
A: sickness immunity, fire resistance 2, cold vulnerability 1, float, innate
caster, HP casting, extra vitality 1
a: no special abilities


You were on level 3 of the Dungeon.
You visited 1 branch of the dungeon, and saw 3 of its levels.

You collected 92 gold pieces.

Inventory:

Hand Weapons
 a - a +0 short sword (weapon)
Missiles
 h - 6 poisoned darts
Armour
 b - a +0 robe (worn)
 d - an orb of light (worn)
Scrolls
 e - 2 scrolls of identify {unknown}
 f - 2 scrolls of teleportation {unknown}
 g - a scroll of fear {unknown}
 i - a scroll of enchant armour {unknown}
 l - a scroll of acquirement {unknown}
 n - a scroll of revelation {unknown}
Potions
 c - a potion of ambrosia
 j - 2 potions of brilliance {unknown}
 k - a potion of enlightenment {unknown}
 m - a potion of berserk rage {unknown}
 o - a potion of mutation {unknown}


   Skills:
 * Level 4.2 Fighting
 - Level 2.6 Short Blades
 - Level 3.2 Dodging
 + Level 1.3 Spellcasting
 + Level 1.3 Conjurations
 + Level 1.3 Hexes
   Level 0.0 Charms
 + Level 1.3 Summonings
 + Level 1.3 Necromancy
 + Level 1.3 Translocations
   Level 0.0 Transmutations
 + Level 1.3 Fire Magic
 + Level 1.3 Ice Magic
 + Level 1.3 Air Magic
 + Level 1.3 Earth Magic
 + Level 1.3 Alchemy


You knew the following spells:

 Your Spells              Type           Power      Damage    Failure   Level
a - Summon Small Mammal   Summ           16%        N/A       16%         1
Your spell library was empty.

Dungeon Overview and Level Annotations

Branches:
Dungeon (3/15)

Altars:

Shops:
D:1 *   D:2 *


Innate Abilities, Weirdness & Mutations

You are immune to sickness and miasma.
You are immune to poison.
Your flesh is very heat resistant. (rF++)
You are vulnerable to cold. (rC-)
You float through the air rather than walking.
You learn spells naturally, not from books.
Your magical power is your life essence.
You have superior vitality. (+4 MHP)


Message History

Deactivating autopickup; reactivate with Ctrl-A.
The adder bites you.
You closely miss the adder. The adder misses you.
You hit the adder.
The adder is lightly wounded.
The adder barely misses you.
You hit the adder.
The adder is heavily wounded.
The adder closely misses you. The orc completely misses you.
You closely miss the adder.
The adder is heavily wounded.
The adder misses you. The orc hits you but does no damage.
The orc priest hits you with a +0 flail!
The adder attacks as it pursues you! The adder misses you.
The adder barely misses you.
The orc priest invokes the aid of Beogh against you.
Beogh smites you! The adder attacks as it pursues you!
The adder barely misses you. The adder attacks as it pursues you!
The adder bites you. The adder attacks as it pursues you! The adder bites you.
The adder barely misses you. The orc attacks as it pursues you!
The orc closely misses you. The adder attacks as it pursues you!
The adder barely misses you.
You hit the adder but do no damage.
The adder is heavily wounded.
The adder misses you. The adder bites you.
You hit the adder.
The adder is severely wounded.
The adder closely misses you.
You hit the adder but do no damage.
The adder is severely wounded.
The adder bites you but does no damage.
You hit the adder.
You kill the adder!
The orc priest invokes the aid of Beogh against you.
Pain shoots through your body!
* * * LOW HITPOINT WARNING * * *
The orc priest mumbles some strange prayers to Beogh against you.
Pain shoots through your body!
You die...

#.#.................#
#.#.......#########.#
#.#.......#### #.# .
#.#..........# #.# ...
#.'......<##.# #<#
....########...(...##.# #.#
....................#.# #.#
............####......# #.#
..........ooo@.'......######.#
..$.........o###..........##.#
.#.>.........# #..........+..#
#...........# #..........####
#...........# #..........#
#...........# #..........#
#...........# #..........#
##########.# #..........# #.#
#######....#


You could see an orc priest, an orc wizard (invisible) and 2 orcs.

Vanquished Creatures
  2 adders (D:3)
  A dart slug (D:1)
  4 ball pythons
  3 endoplasms
  5 giant cockroaches
  3 hobgoblins
  5 bats (D:1)
  3 frilled lizards
  6 goblins
  A kobold (D:1)
  4 rats (D:1)
37 creatures vanquished.

Notes
Turn   | Place    | Note
-------+----------+-------------------------------------------
     0 | D:1      | Crownlay the Djinni Monk began the quest for the Orb.
     0 | D:1      | Reached XP level 1. HP: 20/20 MP: 0/0
   281 | D:1      | Reached XP level 2. HP: 19/25 MP: 0/0
   537 | D:1      | Reached XP level 3. HP: 30/30 MP: 0/0
   537 | D:1      | Learned a level 1 spell: Summon Small Mammal
   603 | D:1      | Found a transporter.
   603 | D:1      | Found Xaarizaz's General Store.
   613 | D:1      | Reached skill level 1 in Spellcasting
   613 | D:1      | Reached skill level 1 in Conjurations
   613 | D:1      | Reached skill level 1 in Hexes
   613 | D:1      | Reached skill level 1 in Summonings
   613 | D:1      | Reached skill level 1 in Necromancy
   613 | D:1      | Reached skill level 1 in Translocations
   613 | D:1      | Reached skill level 1 in Fire Magic
   613 | D:1      | Reached skill level 1 in Ice Magic
   613 | D:1      | Reached skill level 1 in Air Magic
   613 | D:1      | Reached skill level 1 in Earth Magic
   613 | D:1      | Reached skill level 1 in Alchemy
   656 | D:1      | Found a transporter.
   791 | D:2      | Found Opeo's General Store.
  1750 | D:3      | Reached skill level 4 in Fighting
  1750 | D:3      | Reached XP level 4. HP: 31/37 MP: 0/0
  1911 | D:3      | Killed from afar by an orc priest

Illustrated notes

Levels and vault maps discovered:
D:1:      dpeg_arrival_circle_labyrinth_a, layout_rooms, serial_shops,
          nicolae_shop_drivethru, minmay_misc_feat_hallway
D:2:      layout_loops_corners, serial_shops, nicolae_shop_trees
D:3:      layout_basic, nicolae_shop_unique_rings

Skill      XL: |  1  2  3 |
---------------+----------+-----
Spellcasting   | 1 |  1.3
Conjurations   | 1 |  1.3
Hexes          | 1 |  1.3
Summonings     | 1 |  1.3
Necromancy     | 1 |  1.3
Translocations | 1 |  1.3
Fire Magic     | 1 |  1.3
Ice Magic      | 1 |  1.3
Air Magic      | 1 |  1.3
Earth Magic    | 1 |  1.3
Alchemy        | 1 |  1.3
Fighting       | 4 |  4.2
Short Blades   | |  2.6
Dodging        | |  3.2

Action                     |  1- 3 |  4- 6 || total
---------------------------+-------+-------++-------
  Melee: Short sword       |   116 |     9 ||   125
   Cast: Summon Small Mamm |     4 |       ||     4
 Armour: Robe              |    58 |     7 ||    65
  Dodge: Dodged            |    74 |    13 ||    87
